 Dungeon Crawl Stone Soup version 0.28-a0-723-g095bd1b44f (webtiles) character file.

Game seed: 15992602069669427554

3523 Colgate the Frost Mage (level 9, 0/53 (57) HPs)
             Began as a Vampire Ice Elementalist on Oct 24, 2021.
             Was a Priest of Jiyva.
             Slain by a wight (14 damage)
             ... on level 7 of the Dungeon on Oct 26, 2021.
             The game lasted 00:53:34 (8367 turns).

Colgate the Frost Mage (Vampire Ice Elementalist)   Turns: 8367, Time: 00:53:35

HP:   0/53 (57)     AC: 12    Str:  8    XL:     9   Next: 81%
MP:   12/21         EV: 12    Int: 21    God:    Jiyva [***...]
Gold: 208           SH:  0    Dex: 13    Spells: 13/24 levels left

rFire   . . .      SeeInvis +   x - +0 halberd
rCold   . . .      Faith    .   (shield currently unavailable)
rNeg    . . .      Spirit   .   r - +0 robe
rPois   .          Reflect  .   m - +0 helmet
rElec   .          Harm     .   (no cloak)
rCorr   +          Rampage  .   (no gloves)
Will    .....                   (no boots)
Stlth   ++........              (no amulet)
HPRegen 0.37/turn               (no ring)
MPRegen 0.17/turn               (no ring)

@: ice-armoured, healing quickly, drained
A: alive, fangs 3, see invisible, vampiric 2
a: Exsanguinate, Renounce Religion, Request Jelly


You were on level 7 of the Dungeon.
You worshipped Jiyva.
Jiyva was most pleased with you.
You visited 1 branch of the dungeon, and saw 7 of its levels.

You collected 208 gold pieces.

Inventory:

Hand Weapons
 a - a +2 hunting sling of freezing
 b - a +1 hand axe of electrocution
 k - a +5 scythe of venom
 v - a +1 dagger of venom
 w - a +0 shortbow
 x - a +0 halberd (weapon)
 E - a +0 war axe
 G - a +0 falchion
 I - a +4 dagger of freezing
 J - a +4 trident
Missiles
 h - 3 atropa-tipped darts
 i - 66 arrows
 o - 18 bolts
 s - 15 stones
 u - a boomerang (quivered)
 y - 5 javelins
Armour
 m - a +0 helmet (worn)
 r - a +0 robe (worn)
 t - a +0 leather armour
 z - a +0 ring mail
 B - +0 swamp dragon scales
Jewellery
 D - a ring of fire
Wands
 A - a wand of polymorph (10)
Scrolls
 g - 2 scrolls of fear
 l - a scroll of teleportation {unknown}
 n - a scroll of summoning
 p - a scroll of enchant weapon {unknown}
 q - a scroll of vulnerability
 F - a scroll of torment {unknown}
Potions
 c - 2 potions of might
 d - a potion of flight
 e - a potion of curing
 f - a potion of mutation {unknown}
 j - a potion of haste
 C - a potion of heal wounds
 H - a potion of brilliance {unknown}


   Skills:
 - Level 2.1 Dodging
 - Level 3.0 Stealth
 - Level 8.1 Spellcasting
 + Level 2.3 Conjurations
 - Level 14.0 Ice Magic


You had 13 spell levels left.
You knew the following spells:

 Your Spells              Type           Power      Damage    Failure   Level
a - Freeze                Ice            100%       1d11      1%          1
b - Frozen Ramparts       Ice            100%       1d12      1%          3
c - Ozocubu's Armour      Ice            61%        N/A       1%          3
d - Hailstorm             Conj/Ice       42%        3d10      2%          4

Your spell library contained the following spells:

 Spells                   Type           Power      Damage    Failure   Level
 Call Imp                 Summ           8%         N/A       12%         2
 Mephitic Cloud           Conj/Pois/Air  11%        N/A       17%         3
 Passage of Golubria      Tloc           8%         N/A       61%         4
 Silence                  Hex/Air        4%         N/A       91%         5
 Summon Forest            Summ/Tloc      4%         N/A       91%         5
 Lehudib's Crystal Spear  Conj/Erth      6%         10d3      100%        8
 Summon Horrible Things   Summ           4%         N/A       100%        8


Dungeon Overview and Level Annotations

Branches:
Dungeon (7/15)             Temple (0/1) D:5

Altars:
Dithmenos
Elyvilon
Kikubaaqudgha
Makhleb
Nemelex Xobeh
Qazlal
Sif Muna
Trog
Zin
Jiyva

Shops:
D:3 [

Annotations:
D:5 ankeriaita, exclusion: 2 doors
D:7 3 runed translucent doors, Zigma's ghost, novice OpNe


Innate Abilities, Weirdness & Mutations

Your natural rate of healing is accelerated.
You have razor-sharp teeth.
You have supernaturally acute eyesight. (SInv)
You are afflicted with vampirism and can become a bat while bloodless.


Message History

The wight closely misses you.
Casting: Ozocubu's Armour (safe; 1% risk of failure)
Confirm with . or Enter, or press ? or * to list all spells.
Casting: Hailstorm (dangerous; 2% risk of failure)
Press: ? - help, Dir - look around, f - activate A cannonade of hail descends around you!
The hail pelts the wight!
The wight partially resists.
The wight is almost destroyed.
The wight barely misses you. The wight hits you with a +3 falchion!
Casting: Hailstorm (dangerous; 2% risk of failure)
Confirm with . or Enter, or press ? or * to list all spells.
Casting: Hailstorm (dangerous; 2% risk of failure)
Press: ? - help, Dir - look around, f - activate A cannonade of hail descends around you!
The hail pelts the wight!
The wight partially resists.
You destroy the wight!
The wight misses you. The wight hits you with a +3 falchion.
You hit the wight.
The wight is severely damaged.
The wight closely misses you. The wight hits you with a +3 falchion.
The wight barely misses you. The wight hits you but does no damage.
You barely miss the wight.
The wight is severely damaged.
The wight hits you with a +0 great sword!
The wight hits you but does no damage.
You hit the wight.
The wight is severely damaged.
The wight hits you with a +0 great sword.
You feel drained. The wight hits you with a +3 falchion.
You feel drained.
The wight hits you with a +0 great sword.
You feel drained. The wight barely misses you.
You closely miss the wight.
The wight is severely damaged.
The wight barely misses you. The wight hits you with a +3 falchion.
* * * LOW HITPOINT WARNING * * *
You feel drained.
You barely miss the wight. Your bite misses the wight.
The wight is severely damaged.
The wight hits you with a +0 great sword!
You die...

####o.o.#...........####.........
..o.oWoo#...........# #.........
+++######...........# ##........
.J......8..........## ###......
..................## ##.....
#....#............# ##....
...####........).## ###.. ..##
##.......zz# ##. .. ##......#@##
## .. ##...####.## .z ##### #..##
.z ##..## .( ##..## .. ### ##..##
#..####..# .....##..##
......##..## ###


You could see 2 wights.

Vanquished Creatures
  Pikel (D:6)
  Sigmund (D:2)
  A water moccasin (D:7)
  2 sky beasts
  2 black bears (D:5)
  A necrophage (D:6)
  An ogre (D:6)
  A centaur (D:5)
  2 phantoms
  A lemure (D:6)
  4 bullfrogs
  2 scorpions
  A water moccasin zombie (D:5)
  3 wights (D:7)
  A hound (D:6)
  An orc priest (D:7)
  A bullfrog skeleton (D:6)
  2 iguanas
  Jessica (D:2)
  An orc wizard (D:3)
  A hound skeleton (D:4)
  A howler monkey zombie (D:5)
  A gnoll (D:5)
  9 adders
  3 worms
  4 dart slugs
  11 orcs
  4 ball pythons
  2 bats
  4 endoplasms
  4 giant cockroaches
  5 goblins
  9 hobgoblins
  7 jackals
  2 quokkas
  5 frilled lizards
  3 kobolds
  4 rats
109 creatures vanquished.

Vanquished Creatures (others)
  2 necrophages (D:7)
  A centaur (D:7)
  A lemure (D:6)
  2 howler monkeys (D:7)
  2 bullfrog zombies
  A hound (D:6)
  12 jellies
  A bullfrog skeleton (D:6)
  An iguana (D:6)
  3 adders
  3 gnolls (D:5)
  A dart slug (D:5)
  4 orcs
  2 ball pythons (D:3)
  3 endoplasms
  A goblin (D:2)
  A hobgoblin (D:3)
  A bat (D:3)
  A frilled lizard (D:3)
  A kobold (D:3)
  3 plants (D:5)
47 creatures vanquished.

Grand Total: 156 creatures vanquished

Notes
Turn   | Place    | Note
-------+----------+-------------------------------------------
     0 | D:1      | Colgate the Vampire Ice Elementalist began the quest for
                  | the Orb.
     0 | D:1      | Reached XP level 1. HP: 13/13 MP: 3/3
   479 | D:1      | Reached XP level 2. HP: 14/19 MP: 3/5
   942 | D:1      | Upgraded the game from 0.28-a0-704-g4d584c6bc1 to
                  | 0.28-a0-722-gc0678643b6
   962 | D:2      | Reached skill level 5 in Ice Magic
  1007 | D:2      | Gained mutation: You are afflicted with vampirism and can
                  | become a bat while bloodless. [Vampire growth]
  1007 | D:2      | Reached XP level 3. HP: 24/24 MP: 3/6
  1387 | D:2      | Reached XP level 4. HP: 22/24 MP: 5/7
  1450 | D:2      | Found a faded altar of an unknown god.
  1464 | D:2      | Learned a level 3 spell: Frozen Ramparts
  1468 | D:2      | Learned a level 3 spell: Ozocubu's Armour
  1525 | D:2      | Prayed at the altar of an unknown god.
  1525 | D:2      | Became a worshipper of Jiyva Junicum the Shapeless
  1525 | D:2      | Reached * piety under Jiyva
  1540 | D:2      | Got the Grimoire of Lightness and the Entourage
  1621 | D:2      | Noticed Jessica
  1628 | D:2      | Killed Jessica
  1629 | D:2      | Reached skill level 6 in Ice Magic
  1906 | D:2      | Noticed Sigmund
  2460 | D:3      | Reached XP level 5. HP: 28/28 MP: 3/8
  2538 | D:3      | Found Riarghont's Armour Shoppe.
  3264 | D:4      | Reached ** piety under Jiyva
  3684 | D:4      | Reached skill level 7 in Ice Magic
  4054 | D:4      | Reached XP level 6. HP: 26/32 MP: 2/9
  4295 | D:4      | Found a shadowy altar of Dithmenos.
  4297 | D:4      | Found an ancient bone altar of Kikubaaqudgha.
  4463 | D:5      | Entered Level 5 of the Dungeon
  4464 | D:5      | Noticed a sky beast
  4470 | D:5      | Killed a sky beast
  4572 | D:5      | Reached skill level 8 in Ice Magic
  4811 | D:5      | Reached XP level 7. HP: 38/41 MP: 1/10
  4929 | D:5      | Reached skill level 9 in Ice Magic
  5071 | D:5      | Found a staircase to the Ecumenical Temple.
  5976 | D:5      | Found a sparkling altar of Nemelex Xobeh.
  5976 | D:5      | Found a bloodstained altar of Trog.
  5977 | D:5      | Found a shimmering blue altar of Sif Muna.
  6081 | D:2      | Killed Sigmund
  6082 | D:2      | Reached skill level 10 in Ice Magic
  6082 | D:2      | Reached XP level 8. HP: 49/52 MP: 2/11
  6164 | D:2      | Learned a level 4 spell: Hailstorm
  6454 | D:6      | Reached skill level 13 in Ice Magic
  6454 | D:6      | Reached XP level 9. HP: 57/57 MP: 11/21
  6455 | D:6      | Upgraded the game from 0.28-a0-722-gc0678643b6 to
                  | 0.28-a0-723-g095bd1b44f
  6586 | D:6      | Found a stormy altar of Qazlal.
  6626 | D:6      | Noticed Pikel
  6639 | D:6      | Killed Pikel
  6784 | D:6      | Reached skill level 14 in Ice Magic
  7221 | D:6      | Reached skill level 1 in Conjurations
  7372 | D:6      | Found a burning altar of Makhleb.
  7943 | D:7      | Reached *** piety under Jiyva
  8208 | D:7      | Found a runed translucent gate.
  8208 | D:7      | Noticed Zigma's ghost (novice OpNe)
  8209 | D:7      | Found a runed translucent gate.
  8210 | D:7      | Found a runed translucent gate.
  8367 | D:7      | Slain by a wight

Illustrated notes

Levels and vault maps discovered:
D:1:      psy_arrival_basics, layout_basic, serial_curves, eino_curves_04,
          eino_curves_04, dk_noncrumbling_4
D:2:      minmay_evil_eye, layout_loops_ring,
          hellmonk_ecumenical_altar_pennies_from_heaven, uniq_sigmund,
          uniq_jessica
D:3:      layout_rooms, mainiacjoe_overflow_paths, serial_shops, shop_fountains,
          minmay_misc_feat_hallway, minmay_bisected
D:4:      layout_basic, chequers_temple_overflow_statue_of_worship,
          mainiacjoe_overflow_chevrons, minmay_misc_feat_alley, minmay_bent
D:5:      cheibrodos_two_vegetables, layout_loops_ring,
          gammafunk_temple_overflow_claw, minmay_temple_entry_statues_pillars,
          minmay_door_square
D:6:      layout_basic, marbit_many_paths, general_overflow_altar, uniq_pikel
D:7:      layout_cave_pods, biasface_ghost_orc_armoury

Skill      XL: |  1  2  3  4  5  6  7  8  9 |
---------------+----------------------------+-----
Ice Magic      | 5 6 7 8 10 13 14 | 14.0
Spellcasting   | 8 |  8.1
Conjurations   | 2 |  2.3
Dodging        | |  2.1
Stealth        | |  3.0

Action                   |  1- 3 |  4- 6 |  7- 9 || total
-------------------------+-------+-------+-------++-------
Melee: Dagger            |     8 |     3 |       ||    11
       Hand axe          |       |    18 |    40 ||    58
       Bite              |       |     1 |     8 ||     9
       Halberd           |       |       |    13 ||    13
 Fire: Hunting sling     |       |    58 |    55 ||   113
Throw: Javelin           |       |     1 |     4 ||     5
       Boomerang         |       |     4 |     5 ||     9
       Dart              |       |       |     1 ||     1
 Cast: Freeze            |    49 |    31 |    12 ||    92
       Frozen Ramparts   |       |    24 |    10 ||    34
       Ozocubu's Armour  |       |     9 |    16 ||    25
       Hailstorm         |       |       |    16 ||    16
 Abil: Exsanguinate      |     2 |       |       ||     2
       Revivify          |     2 |       |       ||     2
  Use: Scroll            |       |     7 |     1 ||     8
       Potion            |       |       |     2 ||     2
 Stab: Sleeping          |     8 |     2 |       ||    10
Armor: Robe              |     2 |    22 |    19 ||    43
Dodge: Dodged            |    24 |    37 |    53 ||   114

Table legend: (Time is in decaauts)
 A = Elapsed time spent in this place.
 B = Non-inter-level travel time spent in this place.
 C = Inter-level travel time spent in this place.
 D = Time resting spent in this place.
 E = Time spent auto-exploring this place.
 F = Levels seen in this place.
 G = Mean time per level.
                   A        B        C        D        E       F      G
               +--------+--------+--------+--------+--------+-----+--------+
         Total |   8433 |   7969 |    464 |    175 |   6554 |   7 | 1204.7 |
       Dungeon |   8433 |   7969 |    464 |    175 |   6554 |   7 | 1204.7 |
               +--------+--------+--------+--------+--------+-----+--------+

Top non-repeatable levels by time:
     D:5: 1615 daAuts
     D:2: 1473 daAuts
     D:6: 1429 daAuts
     D:4: 1159 daAuts
     D:3: 1113 daAuts
     D:1: 972 daAuts
     D:7: 670 daAuts
